 Dungeon Crawl Stone Soup version 0.23.2-40-g277498a001 (webtiles) character file.

Game seed: 13588795094194311463

8870 pacmouf the Fighter (level 11, 0/115 HPs)
             Began as an Ogre Assassin on Sept 21, 2019.
             Was a Believer of Dithmenos.
             Slain by a four-headed hydra (14 damage)
             ... on level 2 of the Lair of Beasts.
             The game lasted 00:40:05 (13225 turns).

pacmouf the Fighter (Ogre Assassin)                Turns: 13225, Time: 00:40:06

Health: 0/115      AC:  4    Str: 17    XL:     11   Next: 37%
Magic:  11/11      EV: 13    Int: 12    God:    Dithmenos [**....]
Gold:   707        SH:  0    Dex: 13    Spells: 10/10 levels left

rFire    . . .     SeeInvis .   z - +13 scythe of Curses {drain, *Curse} (curse)
rCold    . . .     Gourm    .   (shield currently unavailable)
rNeg     . . .     Faith    .   c - +0 robe (curse)
rPois    .         Spirit   .   (helmet restricted)
rElec    .         Reflect  .   d - +0 cloak (curse)
rCorr    .         Harm     .   (gloves unavailable)
MR       +....                  (boots unavailable)
Stlth    +++++.....             (no amulet)
HPRegen  0.29/turn              k - +1 ring of slaying (curse)
MPRegen  0.12/turn              (no ring)

@: lethally poisoned (0 -> -3), wreathed by umbra
A: large, unfitting armour, tough skin 1
a: Shadow Step, Renounce Religion


You were on level 2 of the Lair of Beasts.
You worshipped Dithmenos.
Dithmenos was pleased with you.
You were not hungry.

You visited 3 branches of the dungeon, and saw 12 of its levels.

You collected 707 gold pieces.

Inventory:

Hand Weapons
 a - a +2 dagger of holy wrath
 b - a cursed +0 blowgun
 q - a cursed +3 dagger of flaming
 z - the cursed +13 scythe of Curses (weapon) {drain, *Curse}
   (You found it on level 5 of the Dungeon)

   A truly terrible weapon, it drains the life of those it strikes.
   It curses itself when equipped.
   It has a curse placed upon it.
Missiles
 e - 37 poisoned needles
 f - 2 curare-tipped needles
 h - 5 needles of paralysis
Armour
 c - a cursed +0 robe (worn)
 d - a cursed +0 cloak (worn)
 j - a cursed +1 cloak
 r - a cursed -2 pair of gloves
 I - the cursed +3 robe of Folly {Archmagi, MR-- Int+5}
   (You found it on level 7 of the Dungeon)

   It affects your intelligence (+5).
   It affects your resistance to hostile enchantments.
   It has a curse placed upon it.
Jewellery
 i - a cursed ring of magical power
 k - a cursed +1 ring of slaying (left hand)
 o - a cursed ring of flight
 p - a cursed amulet of the gourmand
 w - a cursed ring of wizardry
 x - a cursed ring of attention
Wands
 G - a wand of disintegration (7)
 J - a wand of random effects (12)
 M - a wand of paralysis (7)
 N - a wand of acid (8)
Scrolls
 l - 2 scrolls of teleportation
 t - 9 scrolls of remove curse
 y - 5 scrolls of magic mapping
 B - a scroll of torment {unknown}
 E - a scroll of blinking {unknown}
 F - a scroll of amnesia
 P - a scroll of random uselessness {unknown}
Potions
 m - 3 potions of heal wounds
 n - a potion of magic {unknown}
 s - 2 potions of berserk rage
 u - 2 potions of resistance {unknown}
 v - 2 potions of curing
 A - 2 potions of lignification {unknown}
 C - 3 potions of brilliance
 D - 3 potions of cancellation {unknown}
 H - a potion of ambrosia {unknown}
 K - a potion of agility {unknown}
 L - a potion of mutation {unknown}
 Q - a potion of degeneration {unknown}
 R - a potion of haste {unknown}
Comestibles
 g - 8 rations
 O - a chunk of flesh


   Skills:
 + Level 9.1 Fighting
 - Level 4.4 Short Blades
 * Level 7.9 Polearms
 - Level 6.8 Throwing
 + Level 6.1 Dodging
 * Level 8.5 Stealth
 + Level 0.3 Evocations


You had 10 spell levels left.
You didn't know any spells.
Your spell library contained the following spells:

 Spells                   Type           Power        Failure   Level  Hunger
 Bolt of Magma            Conj/Fire/Erth #.........   100%        5    ######.
 Iskenderun's Battlesphe  Conj/Chrm      #.......     100%        5    ######.
 Venom Bolt               Conj/Pois      #.........   100%        5    ######.
 Iron Shot                Conj/Erth      #.........   100%        6    #######
 Orb of Destruction       Conj           #.........   100%        7    #######
 Spellforged Servitor     Conj/Summ      #.........   100%        7    #######


Dungeon Overview and Level Annotations

Branches:
Dungeon (9/15)             Temple (1/1) D:5            Lair (2/6) D:9
 Shoals (0/4) Lair:2
  Snake: Lair:2-4    Spider: Lair:2-4       Orc: D:9-12

Altars:
Ashenzari
Cheibriados
Dithmenos
Elyvilon
Fedhas
Gozag
Hepliaklqana
Kikubaaqudgha
Makhleb
Nemelex Xobeh
Okawaru
Qazlal
Ru
Sif Muna
Trog
Uskayaw
Vehumet
Wu Jian
Yredelemnul
Zin
The Shining One

Shops:
D:8 }

Annotations:
D:2 1 runed translucent door, Crazy Yiuf
D:5 1 runed translucent door
D:8 2 transporters, scorp85's ghost, novice TrFi


Innate Abilities, Weirdness & Mutations

You are too large for most types of armour.
You have tough skin. (AC +1)


Message History

The four-headed hydra roars!
You feel sick.
You feel sick.
You feel sick.
You feel sick.
You feel sick.
You feel sick.
You feel sick.
You feel sick. The komodo dragon closely misses you.
You slash the komodo dragon! You drain the komodo dragon.
Something reaches out for the komodo dragon...
The komodo dragon is heavily wounded.
You feel sick.
The komodo dragon bites you but does no damage.
The komodo dragon barely misses you.
You slice the komodo dragon!!
The komodo dragon is almost dead.
You feel sick. The komodo dragon barely misses you.
The four-headed hydra bites you!
You die...

####
###..#######
#..........##
#...........#
#......%...#
#....@.....#
#....Dl....#
##.....3....#
#...........#
##.%.........#
#............##
###............
#.P#.........
#..≈.........


You could see a four-headed hydra, a komodo dragon and a friendly soul eater.

Vanquished Creatures
  A two-headed ogre (D:9)
  Pikel (D:9)
  2 black mambas
  A spiny frog (Lair:1)
  A merfolk (D:9)
  A troll (D:9)
  Prince Ribbit (D:8)
  Grinder (D:3)
  2 hippogriffs (Lair:1)
  A wyvern (Lair:1)
  2 hungry ghosts
  A basilisk (Lair:1)
  2 water moccasins
  5 porcupines
  3 orc warriors
  An eye of draining (D:9)
  4 ice beasts
  2 black bears
  3 sky beasts
  6 ogres
  A centaur (D:9)
  A crocodile (Lair:2)
  A big kobold (D:9)
  6 bullfrogs
  4 scorpions
  4 killer bees (D:8)
  8 wights
  2 electric eels (D:9)
  A howler monkey (D:6)
  A bullfrog zombie (D:7)
  13 hounds
  An orc priest (D:7)
  A centaur skeleton (D:8)
  Jessica (D:3)
  3 bullfrog skeletons (D:4)
  3 iguanas
  10 worker ants
  5 orc wizards
  2 hound skeletons
  3 gnolls (D:6)
  2 howler monkey skeletons
  11 adders
  2 shadow imps
  2 oozes
  A worm (D:2)
  7 leopard geckos
  20 orcs
  2 giant cockroaches (D:1)
  9 hobgoblins
  3 jackals (D:3)
  6 quokkas
  A ball python (D:3)
  5 bats
  4 frilled lizards
  5 goblins
  A jackal zombie (D:5)
  7 kobolds
  A leopard gecko skeleton (D:5)
  5 rats
206 creatures vanquished.

Vanquished Creatures (collateral kills)
  A komodo dragon (Lair:1)
  A porcupine (Lair:1)
  A wolf (D:9)
  A centaur (D:9)
  A killer bee (D:9)
  A bullfrog zombie (D:6)
  A hound (D:9)
  2 orc wizards
  A worker ant (D:7)
  2 orcs (D:9)
  A jackal (D:9)
  A butterfly (D:9)
14 creatures vanquished.

Vanquished Creatures (others)
  A slave (D:9)
  A jackal (D:3)
  A butterfly (D:9)
3 creatures vanquished.

Grand Total: 223 creatures vanquished

Notes
Turn   | Place    | Note
-------+----------+-------------------------------------------
     0 | D:1      | pacmouf the Ogre Assassin began the quest for the Orb.
     0 | D:1      | Reached XP level 1. HP: 22/22 MP: 1/1
    69 | D:1      | Reached skill level 1 in Dodging
   438 | D:1      | Reached XP level 2. HP: 29/29 MP: 2/2
   510 | D:1      | You fall through a shaft!
   510 | D:2      | Found a glowing silver altar of Zin.
   702 | D:2      | Reached skill level 3 in Fighting
   960 | D:1      | Found a shattered altar of Ashenzari.
   991 | D:1      | Reached XP level 3. HP: 35/37 MP: 3/3
  1281 | D:2      | Found a blossoming altar of Fedhas.
  1389 | D:2      | Found a sparkling altar of Nemelex Xobeh.
  1473 | D:2      | Found a runed translucent door.
  1474 | D:2      | Noticed Crazy Yiuf
  1669 | D:2      | Reached XP level 4. HP: 35/45 MP: 4/4
  2474 | D:3      | Noticed Grinder
  2484 | D:3      | Reached XP level 5. HP: 35/53 MP: 5/5
  2502 | D:3      | Killed Grinder
  2502 | D:3      | Reached skill level 4 in Fighting
  2502 | D:3      | Reached XP level 6. HP: 31/62 MP: 6/6
  2739 | D:3      | Noticed Jessica
  3017 | D:4      | Reached XP level 7. HP: 41/70 MP: 7/7
  3678 | D:3      | Killed Jessica
  4103 | D:4      | You fall through a shaft!
  4103 | D:5      | Entered Level 5 of the Dungeon
  4626 | D:5      | Found a runed translucent door.
  4830 | D:5      | Found the cursed +13 scythe of Curses {drain, *Curse}
  4912 | D:5      | Found a staircase to the Ecumenical Temple.
  4921 | Temple   | Entered the Ecumenical Temple
  5081 | Temple   | Became a worshipper of Dithmenos the Shadowed
  5173 | D:5      | Reached skill level 5 in Fighting
  5173 | D:5      | Reached XP level 8. HP: 50/80 MP: 8/8
  5481 | D:6      | Reached skill level 5 in Stealth
  5508 | D:6      | Reached skill level 1 in Polearms
  6494 | D:6      | Reached skill level 6 in Fighting
  6886 | D:7      | Reached XP level 9. HP: 88/89 MP: 9/9
  6889 | D:7      | Reached * piety under Dithmenos
  6980 | D:7      | Found a hazy altar of Hepliaklqana.
  7083 | D:7      | Reached skill level 5 in Throwing
  7367 | D:7      | Found the +3 robe of Folly {Archmagi, MR-- Int+5}
  7827 | D:8      | Reached skill level 7 in Fighting
  8001 | D:8      | Noticed Prince Ribbit
  8074 | D:8      | Killed Prince Ribbit
  8074 | D:8      | Reached skill level 5 in Polearms
  8278 | D:8      | Noticed a two-headed ogre
  8280 | D:8      | Reached XP level 10. HP: 95/102 MP: 10/10
  8435 | D:8      | Found Gogrot's Gadget Shop.
  8647 | D:8      | Reached ** piety under Dithmenos
  8762 | D:8      | Found a transporter.
  8782 | D:8      | Reached skill level 5 in Dodging
  9056 | D:8      | Found a transporter.
  9057 | D:8      | Noticed scorp85's ghost (novice TrFi)
 10603 | D:9      | Noticed a two-headed ogre
 10618 | D:9      | Killed a two-headed ogre
 10618 | D:9      | Reached skill level 8 in Fighting
 10741 | D:9      | Noticed Pikel
 11039 | D:9      | Killed Pikel
 11583 | D:9      | Found a staircase to the Lair.
 11598 | D:9      | Reached *** piety under Dithmenos
 11826 | Lair:1   | Entered Level 1 of the Lair of Beasts
 11858 | Lair:1   | Reached XP level 11. HP: 113/113 MP: 11/11
 12701 | Lair:1   | Reached skill level 9 in Fighting
 13057 | Lair:2   | Noticed a four-headed hydra
 13170 | Lair:2   | Found a staircase to the Shoals.
 13215 | Lair:2   | Noticed a four-headed hydra
 13225 | Lair:2   | Slain by a four-headed hydra

Skill      XL: |  1  2  3  4  5  6  7  8  9 10 11 |
---------------+----------------------------------+-----
Stealth        | 3 4 5 6 8 |  8.5
Short Blades   | 2 3 4 |  4.4
Dodging        | 1 2 3 4 5 6 |  6.1
Fighting       | 3 4 5 6 7 8 9 |  9.1
Throwing       | 3 4 5 6 |  6.8
Polearms       | 3 5 7 |  7.9
Evocations     | |  0.3

Action                   |  1- 3 |  4- 6 |  7- 9 | 10-12 || total
-------------------------+-------+-------+-------+-------++-------
Melee: Dagger            |   104 |   150 |   140 |       ||   394
       Scythe            |       |       |   139 |   198 ||   337
 Fire: Blowgun           |       |       |    15 |       ||    15
Invok: Shadow Step       |       |       |       |     1 ||     1
Evoke: Wand              |       |       |       |     1 ||     1
  Use: Scroll            |     4 |     2 |     8 |    15 ||    29
       Potion            |       |       |     1 |     3 ||     4
 Stab: Sleeping          |     4 |     5 |    11 |    12 ||    32
       Distracted        |       |       |     1 |       ||     1
       Fleeing           |       |       |       |     1 ||     1
  Eat: Chunk             |     2 |     5 |     8 |     1 ||    16
       Ration            |       |       |     3 |     6 ||     9
Armor: Robe              |    29 |    41 |    67 |    47 ||   184
Dodge: Dodged            |    56 |    65 |   166 |   266 ||   553
